 Dungeon Crawl Stone Soup version 0.31-a0-764-g8440623082 (webtiles) character file.

Game seed: 6944033464325646206

334 Descartes the Shield-Bearer (level 6, -2/49 HPs)
             Began as a Formicid Fighter on Sept 15, 2023.
             Killed from afar by Ijyb (5 damage)
             ... with a puff of flame
             ... on level 4 of the Dungeon.
             The game lasted 00:03:45 (2767 turns).

Descartes the Shield-Bearer (Formicid Fighter)      Turns: 2767, Time: 00:03:46

Health: -2/49      AC:  7    Str: 23    XL:     6   Next: 83%
Magic:  6/6        EV:  9    Int:  7    God:
Gold:   84         SH:  5    Dex: 13    Spells: 5/5 levels left

rFire   . . .        a - +0 war axe
rCold   . . .        c - +0 buckler
rNeg    . . .        b - +0 scale mail
rPois   .            (helmet unavailable)
rElec   .            (no cloak)
rCorr   .            (no gloves)
SInv    +            (no boots)
Will    .....        (no amulet) Stlth
                     (no ring)
HPRegen 0.28/turn    (no ring)
MPRegen 0.10/turn

%: no passive effects
@: lethally poisoned (-2 -> -21)
A: permanent stasis, dig shafts and tunnels, antennae 3, four strong arms
a: Dig, Shaft Self


You were on level 4 of the Dungeon.
You visited 1 branch of the dungeon, and saw 4 of its levels.

You collected 84 gold pieces.

Inventory:

Hand Weapons
 a - a +0 war axe (weapon)
Missiles
 g - 6 javelins
Armour
 b - a +0 scale mail (worn)
 c - a +0 buckler (worn)
Jewellery
 m - an amulet of magic regeneration
 o - a +6 ring of dexterity
Wands
 l - a wand of light (8)
Scrolls
 f - a scroll of teleportation {unknown}
 i - 5 scrolls of identify {unknown}
Potions
 d - a potion of might
 e - a potion of curing {unknown}
 h - a potion of berserk rage {unknown}
 j - a potion of invisibility {unknown}
 k - a potion of heal wounds {unknown}
 n - a potion of lignification {unknown}


   Skills:
 + Level 4.7 Fighting
 + Level 3.7 Axes
 + Level 4.8 Armour
 + Level 5.9 Shields


You had 5 spell levels left.
You didn't know any spells.
Your spell library contained the following spells:

 Spells                   Type           Power      Damage    Failure   Level
 Apportation              Tloc           0%         N/A       80%         1
 Necrotise                Necr           0%         1d4       80%         1
 Slow                     Hex            0%         N/A       80%         1
 Summon Small Mammal      Summ           0%         N/A       80%         1
 Ensorcelled Hibernation  Hex/Ice        0%         N/A       90%         2
 Jinxbite                 Hex            0%         N/A       90%         2
 Tukima's Dance           Hex            0%         N/A       99%         3


Dungeon Overview and Level Annotations

Branches:
Dungeon (4/15)
 Temple: D:4-7

Altars:

Annotations:
D:4 Ijyb


Innate Abilities, Weirdness & Mutations

You cannot be hasted, slowed, berserked, paralysed or teleported.
You can dig through walls and to a lower floor.
You have a pair of large antennae on your head. (SInv)
Your four strong arms can wield two-handed weapons with a shield.


Message History

You closely miss Ijyb.
Ijyb screams, "Die!"
Ijyb hits you with a +2 dagger of venom.
You are poisoned.
Ijyb zaps a wand.
The puff of flame hits you!
You hit Ijyb.
Ijyb is lightly wounded.
You feel very sick.
Ijyb zaps a wand.
The puff of flame hits you!
You slash Ijyb!
Ijyb is heavily wounded.
You feel sick.
Ijyb zaps a wand.
The puff of flame hits you!
You are too injured to fight recklessly!
You are too injured to fight recklessly!
You are too injured to fight recklessly!
You are too injured to fight recklessly!
You are too injured to fight recklessly!
You are too injured to fight recklessly!
You are too injured to fight recklessly!
You are too injured to fight recklessly!
You are too injured to fight recklessly!
You are too injured to fight recklessly!
You are too injured to fight recklessly!
You are too injured to fight recklessly!
You are too injured to fight recklessly!
Unknown command.
You closely miss Ijyb.
Ijyb is heavily wounded.
You closely miss the kobold.
You feel sick.
Ijyb hits you with a +2 dagger of venom.
* * * LOW HITPOINT WARNING * * *
You are lethally poisoned!
You block the kobold's attack. The kobold hits you but does no damage.
Ijyb hits you with a +2 dagger of venom.
* * * LOW HITPOINT WARNING * * *
You are more poisoned.
* * * LOW HITPOINT WARNING * * *
You feel very sick.
Ijyb zaps a wand.
The puff of flame hits you.
You die...

. .. ... .... ##### .....
#<..#
......###+#######.#######
......g.@.[..# #........
......K......# #########
..+#.........#
............##
..............###
................#
.............##.#
....###########.##### #
.. #.....# #


You could see Ijyb and a kobold.

Vanquished Creatures
  Sigmund (D:3)
  Robin (D:3)
  4 adders
  4 gnolls (D:3)
  3 worms
  2 dart slugs
  2 bats
  7 endoplasms
  4 giant cockroaches
  12 goblins
  6 hobgoblins
  3 jackals (D:2)
  3 quokkas
  5 ball pythons
  A frilled lizard (D:1)
  10 kobolds
  4 rats
72 creatures vanquished.

Notes
Turn   | Place    | Note
-------+----------+-------------------------------------------
     0 | D:1      | Descartes the Formicid Fighter began the quest for the Orb.
     0 | D:1      | Reached XP level 1. HP: 18/18 MP: 1/1
   103 | D:1      | Reached XP level 2. HP: 14/24 MP: 2/2
   165 | D:1      | Got the Discourse on the Evil Eye
   454 | D:1      | Reached XP level 3. HP: 29/29 MP: 3/3
   974 | D:2      | Reached XP level 4. HP: 24/37 MP: 4/4
  1741 | D:3      | Noticed Sigmund
  1753 | D:3      | Killed Sigmund
  1754 | D:3      | Reached skill level 5 in Shields
  1754 | D:3      | Reached XP level 5. HP: 21/43 MP: 5/5
  1754 | D:3      | Reached XP level 6. HP: 24/49 MP: 6/6
  2287 | D:3      | Noticed Robin
  2308 | D:3      | Killed Robin
  2466 | D:3      | Found a faded altar of an unknown god.
  2758 | D:4      | Noticed Ijyb
  2767 | D:4      | Killed from afar by Ijyb

Illustrated notes

Levels and vault maps discovered:
D:1:      amcnicky_arrival_underground_garden, layout_basic, serial_rivers,
          chequers_serial_rivers_micro_c, chequers_serial_rivers_micro_d,
          chequers_serial_rivers_micro_a, chequers_serial_rivers_room_a
D:2:      layout_loops_ring
D:3:      layout_basic, ebering_ecumenical_altar_webs, nrook_mini_backslash,
          feat_on_display, uniq_robin, uniq_sigmund
D:4:      layout_basic, cheibrodos_ashenzari_chains,
          minmay_temple_entry_enclosed_plants, uniq_ijyb, uniq_grinder

Skill      XL: |  1  2  3  4 |
---------------+-------------+-----
Fighting       | 4 |  4.7
Axes           | 3 |  3.7
Armour         | 4 |  4.8
Shields        | 5 |  5.9

Action                     |  1- 3 |  4- 6 || total
---------------------------+-------+-------++-------
  Melee: War axe           |    60 |   132 ||   192
 Armour: Scale mail        |    33 |    92 ||   125
  Dodge: Dodged            |    20 |    62 ||    82
  Block: Buckler           |    15 |    31 ||    46

Table legend: (Time is in decaauts)
 A = Elapsed time spent in this place.
 B = Non-inter-level travel time spent in this place.
 C = Inter-level travel time spent in this place.
 D = Time resting spent in this place.
 E = Time spent auto-exploring this place.
 F = Levels seen in this place.
 G = Mean time per level.
                   A        B        C        D        E       F      G
               +--------+--------+--------+--------+--------+-----+--------+
         Total |   2839 |   2709 |    130 |      0 |   2223 |   4 |  709.8 |
       Dungeon |   2839 |   2709 |    130 |      0 |   2223 |   4 |  709.8 |
               +--------+--------+--------+--------+--------+-----+--------+

Top non-repeatable levels by time:
     D:3: 1255 daAuts
     D:1: 773 daAuts
     D:2: 691 daAuts
     D:4: 119 daAuts
